 Dungeon Crawl Stone Soup version 0.19-a0-975-gfff5315 (webtiles) character file.

59 4thArraOfDagon the Caller (level 3, 15/34 HPs)
             Began as a Deep Dwarf Summoner on July 13, 2016.
             Quit the game on level 3 of the Dungeon.
             The game lasted 00:03:07 (466 turns).

4thArraOfDagon the Caller (Deep Dwarf Summoner)      Turns: 466, Time: 00:03:08

Health: 15/34      AC:  5    Str: 12    XL:     3   Next: 78%
Magic:  5/5        EV: 11    Int: 15    God:
Gold:   46         SH:  0    Dex: 13    Spells: 1 memorised, 4 levels left

rFire  . . .     SeeInvis .     i - +0 club
rCold  . . .     Gourm    .     e - +0 ring mail
rNeg   . . .     Faith    .     (no shield)
rPois  .         Spirit   .     (no helmet)
rElec  .         Dismiss  .     (no cloak)
rCorr  .         Reflect  .     (no gloves)
SustAt .         Harm     .     (no boots)
MR     .....                    (no amulet)
Stlth  +.........               (no ring)
                                (no ring)

@: flying, non-regenerating, not resistant to hostile enchantments, very
unstealthy
A: damage resistance, recharge devices, sense surroundings 1, slow regeneration
3
a: Device Recharging


You were on level 3 of the Dungeon.
You were not hungry.

You visited 1 branch of the dungeon, and saw 4 of its levels.

You collected 46 gold pieces.

Inventory:

Hand Weapons
 i - a +0 club (weapon)
Armour
 a - a +0 robe
 e - a +0 ring mail (worn)
 g - a +2 helmet
Wands
 c - a wand of heal wounds (4/9)
Scrolls
 f - a scroll of teleportation {unknown}
 j - a scroll of noise {unknown}
 k - a scroll of identify {unknown}
 m - 2 scrolls of magic mapping {unknown}
 n - 2 scrolls of immolation {unknown}
 o - a scroll of amnesia {unknown}
Potions
 h - a potion of cure mutation
Books
 b - a book of Callings

   Spells                             Type                      Level
   a - Summon Small Mammal            Summoning                    1
   b - Call Imp                       Summoning                    2
   c - Call Canine Familiar           Summoning                    3
   d - Summon Guardian Golem          Hexes/Summoning              3
   e - Summon Lightning Spire         Summoning/Air                4
   f - Summon Ice Beast               Ice/Summoning                4
Comestibles
 d - a bread ration


   Skills:
 + Level 3.1 Fighting
 - Level 2.1 Dodging
 - Level 2.4 Stealth
 - Level 1.7 Spellcasting
 - Level 3.6 Summonings


You had 4 spell levels left.
You knew the following spells:

 Your Spells              Type           Power        Failure   Level  Hunger
a - Summon Small Mammal   Summ           ##..         12%         1    ##.....


Dungeon Overview and Level Annotations

Branches:
Dungeon (4/15)
 Temple: D:4-7

Altars:
The Shining One

Annotations:
D:3 Robin


Innate Abilities, Weirdness & Mutations

You are resistant to damage.
You can recharge devices by infusing magical energy.
You passively map a small area around you.
You do not regenerate naturally.


Message History

An orc comes into view. It is wielding a whip.
The orc shouts!
You hit Robin.
Robin is moderately wounded.
Robin misses you.
The hobgoblin hits you but does no damage.
An orc comes into view. It is wielding a trident.
You barely miss Robin.
Robin is moderately wounded.
The orc shouts!
Robin hits you with a club.
The hobgoblin hits you but does no damage.
The orc priest invokes the aid of Beogh against you.
Beogh smites you!
The orc moves out of view.
Robin hits you but does no damage.
You closely miss Robin.
Robin is moderately wounded.
The hobgoblin closely misses you. Robin misses you.
The hobgoblin hits you but does no damage.
Unknown command.
Are you sure you want to abandon this character and quit the game? (Confirm with "yes".)

, #.. #.#.......##g.#.
,,##..##.#....####..##.
...........g........
*#oo.##.......####.. *
#Ko######....#** ##
#ogg####g.#.......
#w#.gg#...###...$. ,
#g###bg.#......... *
#@# #.g........... ,
##gg..#..###.(.... *
*#g###.........###
#..............# ,
,,.....#######.#..
,,..##.. ,... , .
....., , * * #...... ,
,...., , ,, ,,


You could see a worm, Robin, an orc priest, 3 orcs, 2 hobgoblins, 2 goblins and
a kobold.

Vanquished Creatures
  Jessica (D:3)
  An adder (D:2)
  3 giant cockroaches
  4 goblins (D:3)
  A hobgoblin (D:1)
  A bat (D:3)
  4 rats
15 creatures vanquished.

Vanquished Creatures (collateral kills)
  Ijyb (D:2)
  A giant cockroach (D:3)
  A goblin (D:1)
  A hobgoblin (D:3)
  A bat (D:3)
  A giant newt (D:1)
6 creatures vanquished.

Grand Total: 21 creatures vanquished

Notes
Turn   | Place    | Note
-------+----------+-------------------------------------------
     0 | D:1      | 4thArraOfDagon the Deep Dwarf Summoner began the quest for the Orb.
     0 | D:1      | Reached XP level 1. HP: 15/15 MP: 3/3
   119 | D:1      | Reached skill level 1 in Fighting
   189 | D:2      | Noticed Ijyb
   211 | D:2      | Killed Ijyb
   211 | D:2      | Reached XP level 2. HP: 11/26 MP: 1/4
   240 | D:2      | Reached XP level 3. HP: 29/33 MP: 3/5
   277 | D:3      | Noticed Jessica
   291 | D:3      | Killed Jessica
   314 | D:2      | Found a glowing golden altar of the Shining One.
   340 | D:4      | Noticed a scorpion
   355 | D:3      | Noticed Robin
   466 | D:3      | Quit the game

Vault maps used:
D:1:      dpeg_arrival_prison
D:2:      tso_altar, nicolae_gozag_cash_rules_everything_around_me, uniq_iyjb
D:3:      first_bread, uniq_robin, uniq_terence, uniq_jessica
D:4:      minivault_1, uniq_grinder

Skill      XL: |  1  2  3 |
---------------+----------+-----
Fighting       | 2 3 |  3.1
Dodging        | |  2.1
Stealth        | |  2.4
Spellcasting   | |  1.7
Summonings     | |  3.6

Action                   || total
-------------------------++-------
Melee: Unarmed           ||    89
       Club              ||    28
 Cast: Summon Small Mamm ||    17
Evoke: Wand              ||     1
  Use: Potion            ||     4
 Stab: Sleeping          ||     1
Armor: Ring mail         ||   104
       Robe              ||     5
Dodge: Dodged            ||   147
